 Dungeon Crawl Stone Soup version 0.30-a0-576-g89cddaab80 (webtiles) character file.

Game seed: 1623927462355095325

236 holysushi the Cutter (level 6, -1/32 HPs)
             Began as a Vine Stalker Monk on Dec 31, 2022.
             Slain by Grinder (4 damage)
             ... while paralysed by Grinder
             ... on level 3 of the Dungeon.
             The game lasted 00:02:28 (2151 turns).

holysushi the Cutter (Vine Stalker Monk)            Turns: 2151, Time: 00:02:28

Health: -1/32      AC:  3    Str: 14    XL:     6   Next: 6%
Magic:  0/7        EV:  2    Int: 10    God:
Gold:   161        SH:  0    Dex: 18    Spells: 5/5 levels left

rFire   . . .      SeeInvis .    a - +0 short sword
rCold   . . .      Faith    .    (no shield)
rNeg    . . .      Spirit   +    b - +0 robe
rPois   .          Reflect  .    n - +0 helmet
rElec   .          Harm     .    (no cloak)
rCorr   .          Rampage  .    (no gloves)
Will    .....                    (no boots)
Stlth   +                        (no amulet)
HPRegen 1.05/turn                (no ring)
MPRegen 0.10/turn                (no ring)

@: confused, paralysed, ambrosia-drunk
A: fangs 2, regeneration 1, magic shield, antimagic bite, no potion heal 2
a: no special abilities


You were on level 3 of the Dungeon.
You visited 1 branch of the dungeon, and saw 3 of its levels.

You collected 161 gold pieces.

Inventory:

Hand Weapons
 a - a +0 short sword (weapon)
Missiles
 d - a throwing net (quivered)
Armour
 b - a +0 robe (worn)
 n - a +0 helmet (worn)
Jewellery
 g - a +4 ring of protection
 k - a ring of protection from fire
Scrolls
 h - 2 scrolls of noise {unknown}
 j - a scroll of fear {unknown}
 m - a scroll of blinking {unknown}
 r - a scroll of identify {unknown}
Potions
 e - a potion of brilliance {unknown}
 f - a potion of lignification {unknown}
 i - a potion of berserk rage {unknown}
 l - 3 potions of degeneration {unknown}
 o - 2 potions of haste {unknown}
 p - 2 potions of flight {unknown}
 q - a potion of attraction {unknown}


   Skills:
 - Level 2.6 Fighting
 + Level 6.0 Short Blades
 - Level 2.4 Dodging
 - Level 2.4 Stealth


You had 5 spell levels left.
You didn't know any spells.
Your spell library was empty.

Dungeon Overview and Level Annotations

Branches:
Dungeon (3/15) Zot: 15885

Altars:

Annotations:
D:3 Grinder


Innate Abilities, Weirdness & Mutations

You have extremely sharp teeth.
Your natural rate of healing is unusually fast.
When hurt, damage is shared between your health and your magic reserves.
Your bite disrupts and absorbs the magic of your enemies.
Potions cannot restore your health.


Message History

Grinder misses you.
You closely miss Grinder.
Grinder is lightly wounded.
Grinder falters for a moment.
You hit Grinder.
Grinder is moderately wounded.
You barely miss Grinder.
Grinder is moderately wounded.
Grinder hits you but does no damage.
You hit Grinder.
Grinder is moderately wounded.
Grinder closely misses you.
You hit Grinder.
Grinder is moderately wounded.
Grinder hits you!
You writhe in agony.
You hit Grinder.
Grinder is heavily wounded.
Grinder's magic is no longer disrupted.
You hit Grinder but do no damage. You bite Grinder, but do no damage.
Grinder is heavily wounded.
Grinder gestures at you.
You struggle to resist.
You hit Grinder but do no damage. You bite Grinder, but do no damage.
Grinder is heavily wounded.
Grinder says, "Wait up."
Grinder gestures at you. Pain shoots through your body!
* * * LOW HITPOINT WARNING * * *
You are confused.
Your system rejects the healing.
You feel invigorated. Grinder misses you.
You hit Grinder. Your bite misses Grinder.
Grinder is heavily wounded.
You bump into the rock wall.
Grinder gestures at you.
You suddenly lose the ability to move!
Grinder says, "DUCK!"
Grinder hits you!
* * * LOW HITPOINT WARNING * * *
You writhe in agony.
You die...

######### #.).....##
##.####...#########
#.................#######
###..####...###...........#
...........####.##..###.#.#
.##..###........@5).###.#.#
.##..# #.#...........##.#.###
.##..# #.#.####.###..##.....#
.##..###.#.####.# ##.##.#.#.##
.........†...##.# #.##.#....#
...........#.##.# #.##.###..#
..######.#.#.##.####.##......#
.## #.#.#.##....))...####.#
..# #.#.#.######..#### #.#


You could see Grinder.

Vanquished Creatures
  A black bear (D:3)
  Jessica (D:3)
  Robin (D:2)
  2 adders (D:2)
  A worm (D:3)
  2 dart slugs
  4 orcs (D:3)
  2 ball pythons
  6 endoplasms
  4 giant cockroaches
  13 goblins
  8 hobgoblins
  2 jackals (D:1)
  5 quokkas
  2 bats
  5 frilled lizards
  7 kobolds
  6 rats
72 creatures vanquished.

Notes
Turn   | Place    | Note
-------+----------+-------------------------------------------
     0 | D:1      | holysushi the Vine Stalker Monk began the quest for the
                  | Orb.
     0 | D:1      | Reached XP level 1. HP: 11/11 MP: 2/2
    40 | D:1      | Reached skill level 3 in Short Blades
    45 | D:1      | Reached XP level 2. HP: 16/16 MP: 3/3
   530 | D:1      | Reached XP level 3. HP: 19/19 MP: 4/4
   897 | D:1      | Reached skill level 4 in Short Blades
  1072 | D:2      | Gained mutation: Your natural rate of healing is unusually
                  | fast. [Vine Stalker growth]
  1072 | D:2      | Reached XP level 4. HP: 23/23 MP: 5/5
  1341 | D:2      | Noticed Robin
  1388 | D:2      | Killed Robin
  1513 | D:3      | Noticed Grinder
  1749 | D:3      | Reached skill level 5 in Short Blades
  1760 | D:3      | Noticed Jessica
  1767 | D:3      | Killed Jessica
  1768 | D:3      | Reached XP level 5. HP: 18/27 MP: 6/6
  1843 | D:3      | Noticed a black bear
  1853 | D:3      | Killed a black bear
  1854 | D:3      | Reached skill level 6 in Short Blades
  1854 | D:3      | Reached XP level 6. HP: 25/32 MP: 5/7
  2130 | D:3      | Paralysed by Grinder for 5 turns
  2150 | D:3      | Paralysed by Grinder for 2 turns
  2151 | D:3      | Slain by Grinder

Illustrated notes

Levels and vault maps discovered:
D:1:      minmay_arrival_plants_in_alcoves, layout_loops_corners,
          hangedman_abyss_or_decor_stabs, nicolae_hexahallways,
          serial_bayou_crossing
D:2:      layout_rooms, uniq_robin
D:3:      layout_loops_ring, uniq_jessica, uniq_grinder

Skill      XL: |  1  2  3  4  5 |
---------------+----------------+-----
Short Blades   | 3 4 5 6 |  6.0
Fighting       | |  2.6
Dodging        | |  2.4
Stealth        | |  2.4

Action                   |  1- 3 |  4- 6 || total
-------------------------+-------+-------++-------
Melee: Short sword       |    82 |   128 ||   210
       Bite              |    16 |    28 ||    44
       Punch             |     1 |     2 ||     3
  Use: Potion            |       |     1 ||     1
 Stab: Sleeping          |     9 |     8 ||    17
Armor: Robe              |     8 |    20 ||    28
Dodge: Dodged            |    45 |    65 ||   110

Table legend: (Time is in decaauts)
 A = Elapsed time spent in this place.
 B = Non-inter-level travel time spent in this place.
 C = Inter-level travel time spent in this place.
 D = Time resting spent in this place.
 E = Time spent auto-exploring this place.
 F = Levels seen in this place.
 G = Mean time per level.
                   A        B        C        D        E       F      G
               +--------+--------+--------+--------+--------+-----+--------+
         Total |   2113 |   2085 |     28 |     28 |   1577 |   3 |  704.3 |
       Dungeon |   2113 |   2085 |     28 |     28 |   1577 |   3 |  704.3 |
               +--------+--------+--------+--------+--------+-----+--------+

Top non-repeatable levels by time:
     D:1: 990 daAuts
     D:3: 648 daAuts
     D:2: 474 daAuts
